 Dungeon Crawl Stone Soup version 0.22-a0-412-g2b68d144a4 (webtiles) character file.

249 Kriby the Ruffian (level 5, -1/53 HPs)
             Began as a Troll Monk on May 12, 2018.
             Killed by divine providence
             ... invoked by an orc priest
              (16 damage)
             ... on level 4 of the Dungeon.
             The game lasted 00:01:38 (2475 turns).

Kriby the Ruffian (Troll Monk)                      Turns: 2475, Time: 00:01:39

Health: -1/53      AC:  5    Str: 20    XL:     5   Next: 87%
Magic:  4/4        EV:  6    Int:  6    God:
Gold:   108        SH: 12    Dex: 12    Spells: 4/4 levels left

rFire    . . .     SeeInvis .     - Unarmed
rCold    . . .     Gourm    +   t - +0 large shield
rNeg     + . .     Faith    .   a - +0 robe
rPois    .         Spirit   .   (helmet restricted)
rElec    .         Reflect  .   (no cloak)
rCorr    .         Harm     .   (gloves unavailable)
MR       .....                  (boots unavailable)
Stlth    ++........             (no amulet)
HPRegen  0.57/turn              f - ring of positive energy
MPRegen  0.09/turn              (no ring)

@: slowed, very slow
A: large, unfitting armour, claws 3, fast metabolism 3, gourmand, regeneration
1, shaggy fur 1, tough skin 2
a: no special abilities


You were on level 4 of the Dungeon.
You were very full.

You visited 1 branch of the dungeon, and saw 4 of its levels.

You collected 108 gold pieces.

Inventory:

Armour
 a - a +0 robe (worn)
 s - a +0 shield
 t - a +0 large shield (worn)
Jewellery
 f - a ring of positive energy (left claw)
Wands
 q - a wand of flame (34)
Scrolls
 e - a scroll of amnesia {unknown}
 g - a scroll of enchant weapon {unknown}
 h - 4 scrolls of identify
 j - a scroll of enchant armour {unknown}
 k - 3 scrolls of random uselessness
 l - a scroll of fear {unknown}
 m - 2 scrolls of teleportation {unknown}
 p - a scroll of remove curse {unknown}
Potions
 c - 2 potions of agility {unknown}
 d - 2 potions of lignification {unknown}
 i - a potion of magic {unknown}
 n - a potion of degeneration {unknown}
 r - a potion of mutation {unknown}
 u - a potion of heal wounds {unknown}
Comestibles
 b - 6 rations


   Skills:
 + Level 3.3 Fighting
 + Level 3.3 Dodging
 - Level 1.0 Stealth
 * Level 1.4 Shields
 * Level 4.9 Unarmed Combat


You had 4 spell levels left.
You didn't know any spells.
Your spell library was empty.

Dungeon Overview and Level Annotations

Branches:
Dungeon (4/15)
 Temple: D:4-7

Altars:
Kikubaaqudgha
Nemelex Xobeh
Trog
Uskayaw


Innate Abilities, Weirdness & Mutations

You are too large for most types of armour.
You have claws for hands.
Your metabolism is lightning-fast.
You like to eat raw meat.
Your natural rate of healing is unusually fast.
You are covered in fur. (AC +1)
You have very tough skin. (AC +2)


Message History

The orc wizard blinks!
The orc hits you from afar with a trident.
The orc priest mumbles some strange prayers to Beogh against you.
Beogh smites you!
The orc wizard hits you but does no damage.
You scratch the orc priest.
The orc priest is heavily wounded.
Something hits you but does no damage. You block the orc's attack.
The orc priest hits you with a whip.
* * * LOW HITPOINT WARNING * * *
The orc wizard gestures wildly while chanting.
The orc wizard blinks!
Something hits you but does no damage.
The orc wizard hits you but does no damage.
As you read the scroll labeled ZESALE JOESHRA, it crumbles to dust.
It is a scroll of identify.
k - 3 scrolls of random uselessness The orc barely misses you.
The orc priest calls down the wrath of Beogh upon you.
Beogh smites you!
You die...

. #.#..................
#.#.....#.#############
# .###.#.#.# #.
..#.#.#.# #..#.#.#.#.#
#....#.#...#
#.#....#####
#..........#
#......o@.o#
#........o{......
##########.......
(...o.. #######


You could see an orc priest, 2 orc wizards and an orc.

Vanquished Creatures
  An orc priest (D:3)
  Jessica (D:3)
  A bullfrog skeleton (D:4)
  Ijyb (D:3)
  A worker ant (D:3)
  4 adders
  An ooze (D:1)
  A worm (D:3)
  A dart slug (D:1)
  2 leopard geckos (D:3)
  13 orcs (D:3)
  4 giant cockroaches
  6 goblins
  4 hobgoblins
  4 jackals
  A quokka (D:3)
  5 bats
  2 frilled lizards
  7 kobolds
  4 rats
64 creatures vanquished.

Notes
Turn   | Place    | Note
-------+----------+-------------------------------------------
     0 | D:1      | Kriby the Troll Monk began the quest for the Orb.
     0 | D:1      | Reached XP level 1. HP: 22/22 MP: 0/0
   123 | D:1      | Reached XP level 2. HP: 16/29 MP: 1/1
   691 | D:2      | Found a bloodstained altar of Trog.
   705 | D:2      | Reached XP level 3. HP: 36/36 MP: 2/2
  1000 | D:2      | Reached skill level 4 in Unarmed Combat
  1012 | D:2      | Found a hide-covered altar of Uskayaw.
  1180 | D:3      | Noticed Ijyb
  1182 | D:3      | Reached XP level 4. HP: 44/44 MP: 3/3
  1187 | D:3      | Killed Ijyb
  1474 | D:3      | Reached XP level 5. HP: 29/53 MP: 4/4
  1552 | D:3      | Reached skill level 1 in Shields
  1888 | D:3      | Found a sparkling altar of Nemelex Xobeh.
  1888 | D:3      | Noticed Jessica
  1890 | D:3      | Killed Jessica
  2444 | D:4      | Found an ancient bone altar of Kikubaaqudgha.
  2475 | D:4      | Killed from afar by an orc priest

Vault maps used:
D:1:      nzn_arrival_water_spiral
D:2:      marbit_many_paths, bloody_trog
D:3:      first_ration, serial_forest, infiniplex_forest_fountain,
          infiniplex_forest_lined_2, infiniplex_forest_lined_room_,
          infiniplex_forest_clump_diagonal, infiniplex_forest_fountain,
          infiniplex_forest_clump_medium, infiniplex_forest_lined_2,
          infiniplex_forest_end_1, infiniplex_forest_lined_room_,
          nemelex_lonely_heart_becter, uniq_ijyb
D:4:      lemuel_coloured_pillars_altar, nicolae_overflow_crystal_walls,
          kennysheep_little_box, kennysheep_mini, uniq_natasha

Skill      XL: |  1  2  3  4  5 |
---------------+----------------+-----
Unarmed Combat | 4 |  4.9
Fighting       | 3 |  3.3
Dodging        | 3 |  3.3
Shields        | 1 |  1.4
Stealth        | |  1.0

Action                   |  1- 3 |  4- 6 || total
-------------------------+-------+-------++-------
Melee: Unarmed           |    74 |    83 ||   157
  Use: Scroll            |       |     1 ||     1
 Stab: Sleeping          |     3 |       ||     3
  Eat: Chunk             |    16 |    10 ||    26
Armor: Robe              |    19 |    20 ||    39
Dodge: Dodged            |    44 |    20 ||    64
Block: Shield            |       |    22 ||    22
       Large shield      |       |    11 ||    11

Table legend:
 A = Spawn XP
 B = Non-spawn XP
 C = Spawn XP percentage of total XP
 D = Spawn monster count
 E = Non-spawn monster count
 F = Spawn count percentage of total count
 G = Total turns spent on level
                    A         B        C        D         E        F      G
               +---------+---------+-------+---------+---------+-------+---------
         Total |       0 |     357 |   0.0 |       0 |      64 |   0.0 |  2475
               +---------+---------+-------+---------+---------+-------+---------
           D:1 |       0 |      38 |   0.0 |       0 |      18 |   0.0 |   682
           D:2 |       0 |      45 |   0.0 |       0 |      15 |   0.0 |   473
           D:3 |       0 |     237 |   0.0 |       0 |      30 |   0.0 |  1280
           D:4 |       0 |      37 |   0.0 |       0 |       1 |   0.0 |    40
               +---------+---------+-------+---------+---------+-------+---------
